 Dungeon Crawl Stone Soup version 0.18.1-5-g4a78601 (webtiles) character file.

340 dorian the Insei (level 6, 0/47 HPs)
             Began as a Draconian Transmuter on May 9, 2016.
             Slain by an ogre
             ... wielding a +0 giant club
              (11 damage)
             ... on level 4 of the Dungeon.
             The game lasted 00:06:12 (3959 turns).

dorian the Insei (Draconian Transmuter)             Turns: 3959, Time: 00:06:12

Health: 0/47       AC:  7    Str: 12    XL:     6   Next: 30%
Magic:  1/9        EV: 12    Int: 13    God:
Gold:   164        SH:  0    Dex: 14    Spells: 2 memorised, 6 levels left

rFire  . . .     SeeInvis .       - Unarmed
rCold  . . .     Gourm    .     (armour unavailable)
rNeg   . . .     Faith    .     (no shield)
rPois  .         Spirit   .     (helmet restricted)
rElec  .         Dismiss  .     r - +0 cloak
rCorr  .         Reflect  .     (no gloves)
SustAt .         Harm     .     (boots currently unavailable)
MR     .....                    (no amulet)
Stlth  +.........               (no ring)
                                (no ring)

@: appendage, not resistant to hostile enchantments, very unstealthy
A: unfitting armour, talons 3, cold-blooded, AC +6
a: End Transformation


You were on level 4 of the Dungeon.
You were not hungry.
You had grown temporary talons.
You visited 1 branch of the dungeon, and saw 4 of its levels.

You collected 164 gold pieces.

Inventory:

Missiles
 a - 30 arrows
 i - 8 javelins (quivered)
 w - 15 tomahawks
Armour
 r - a +0 cloak (worn)
Scrolls
 e - 3 scrolls of remove curse
 g - a scroll of teleportation
 h - 2 scrolls of magic mapping
 l - 3 scrolls of identify
 n - a scroll of enchant weapon {unknown}
 q - a scroll of fear
 s - a scroll of immolation {unknown}
 t - a scroll of recharging {unknown}
 u - 2 scrolls of blinking {unknown}
 x - a scroll of fog {unknown}
Potions
 o - 2 potions of magic {unknown}
 p - a potion of heal wounds {unknown}
 v - a potion of degeneration {unknown}
 z - a potion of flight {unknown}
Books
 b - a book of Changes

   Spells                             Type                      Level
   a - Beastly Appendage              Transmutation                1
   b - Sticks to Snakes               Transmutation                2
   c - Spider Form                    Transmutation/Poison         3
   d - Ice Form                       Ice/Transmutation            4
   e - Blade Hands                    Transmutation                5
Comestibles
 c - 3 bread rations
 d - 2 chunks of flesh
 f - 5 meat rations
 j - a beef jerky
 k - 2 fruits


   Skills:
 - Level 1.1 Fighting
 - Level 1.7 Dodging
 * Level 6.0 Unarmed Combat
 - Level 2.0 Spellcasting
 + Level 4.3 Transmutations


You had 6 spell levels left.
You knew the following spells:

 Your Spells              Type           Power        Failure   Level  Hunger
a - Beastly Appendage     Trmt           ##....       6%          1    ##.....
b - Sticks to Snakes      Trmt           ##......     10%         2    ###....


Dungeon Overview and Level Annotations

Branches:
Dungeon (4/15)
 Temple: D:4-7

Altars:


Innate Abilities, Weirdness & Mutations

Your plain brown scales are hard (AC +6).
Your body does not fit into most forms of armour.
You are cold-blooded and may be slowed by cold attacks.
You have claws for feet.


Message History

You extend your transformation's duration.
Your ball python completely misses the ogre.
The ogre closely misses you.
Your ball python bites the ogre.
You barely miss the ogre. You claw the ogre.
The ogre is lightly wounded.
The ogre hits you with a giant club!
Your ball python bites the ogre. x2
You hit the ogre.
The ogre is moderately wounded.
Your ball python bites the ogre.
Your ball python bites the ogre but does no damage.
The ogre hits you with a giant club!!
Ouch! That really hurt!
* * * LOW HITPOINT WARNING * * *
You hit the ogre.
The ogre is heavily wounded.
Your ball python barely misses the ogre. x2
You hit the ogre.
The ogre is heavily wounded.
The ogre hits you with a giant club!
You die...

##.# #........#..#..#
#.# ########.#.....# #.#
####.......# # #.#####
#..........# # #.....###
#.####...### #
###..†...# #.# #...#
####.##.##.#.###S##)....
......#.##.#.##.SO.....#
####.##.##......@......#
####.##.####.##.########
.....##.# #.##.#
#....##.. ..##.# ..#..#
####... .###.## ...
..#...# #...# ......##
##...# #....#.###.....


You could see an ogre and 2 friendly ball pythons.

Vanquished Creatures
  A scorpion (D:4)
  2 orc priests (D:3)
  An iguana (D:4)
  Jessica (D:3)
  2 worker ants
  4 adders
  2 worms (D:2)
  3 dart slugs
  5 giant geckos
  10 orcs (D:3)
  2 bats
  4 giant cockroaches
  11 goblins
  4 hobgoblins
  9 jackals
  4 kobolds
  4 quokkas
  A ball python (D:3)
  5 giant newts
  11 rats
86 creatures vanquished.

Notes
Turn   | Place    | Note
--------------------------------------------------------------
     0 | D:1      | dorian the Draconian Transmuter began the quest for the Orb.
     0 | D:1      | Reached XP level 1. HP: 16/16 MP: 3/3
    58 | D:1      | Reached XP level 2. HP: 19/23 MP: 5/5
   997 | D:2      | Reached XP level 3. HP: 26/28 MP: 6/6
  1170 | D:2      | Learned a level 2 spell: Sticks to Snakes
  1219 | D:2      | Reached skill level 4 in Unarmed Combat
  1780 | D:3      | Reached XP level 4. HP: 35/35 MP: 7/7
  2427 | D:3      | Noticed Jessica
  2429 | D:3      | Killed Jessica
  2429 | D:3      | Reached XP level 5. HP: 40/40 MP: 8/8
  2495 | D:3      | Reached skill level 5 in Unarmed Combat
  3365 | D:4      | Reached XP level 6. HP: 28/47 MP: 9/9
  3387 | D:4      | HP: 2/47 [poisoned by a worker ant]
  3945 | D:4      | Reached skill level 6 in Unarmed Combat
  3959 | D:4      | Slain by an ogre

Skill      XL: |  1  2  3  4  5  6 |
---------------+-------------------+-----
Unarmed Combat | 4 5 6 |  6.0
Transmutations | 3 4 |  4.3
Fighting       | |  1.1
Dodging        | |  1.7
Spellcasting   | |  2.0

Action                   |  1- 3 |  4- 6 || total
-------------------------+-------+-------++-------
Melee: Unarmed           |   158 |   164 ||   322
       Tailslap          |    12 |    18 ||    30
       Kick              |     4 |    12 ||    16
       Headbutt          |     1 |     5 ||     6
       Punch             |     1 |     1 ||     2
Throw: Javelin           |       |     3 ||     3
 Cast: Beastly Appendage |     3 |    11 ||    14
       Sticks to Snakes  |       |     7 ||     7
  Use: Scroll            |     3 |     2 ||     5
       Potion            |       |     3 ||     3
 Stab: Sleeping          |     1 |     1 ||     2
  Eat: Chunk             |     3 |     6 ||     9
       Beef jerky        |       |     1 ||     1
Armor: Skin              |    35 |    42 ||    77
Dodge: Dodged            |    78 |    84 ||   162
